 Dungeon Crawl Stone Soup version 0.17.2-1-ge4368a0 (webtiles) character file.

84 Goblin1989 the Cutter (level 4, -11/23 HPs)
             Began as a Vine Stalker Chaos Knight on May 3, 2017.
             Mangled by an orc warrior
             ... wielding a +0 scimitar
              (20 damage)
             ... on level 8 of the Dungeon.
             The game lasted 00:07:57 (775 turns).

Goblin1989 the Cutter (Vine Stalker Chaos Knight)    Turns: 775, Time: 00:07:58

Health: -11/23     AC:  8    Str: 19    XL:     4   Next: 46%
Magic:  0/5        EV: 11    Int: 12    God:    Xom [....*.]
Gold:   25         SH:  0    Dex: 15    Spells: 0 memorised, 3 levels left

rFire  . . .     SeeInvis .     a - +0 short sword (chaos)
rCold  . . .     Clarity  .     b - +2 leather armour
rNeg   . . .     SustAt   .     (no shield)
rPois  .         Gourm    .     (no helmet)
rElec  .         Spirit   +     (no cloak)
rCorr  .         Warding  .     h - +0 pair of gloves
rMut   .         Stasis   .     l - +1 pair of boots
MR     .....                    (no amulet)
Stlth  ++........               (no ring)
                                (no ring)

@: mighty, not resistant to hostile enchantments, unstealthy
A: fangs 2, regeneration 1, magic shield, antimagic bite, no device heal 3, rot
immunity
a: Renounce Religion


You were on level 8 of the Dungeon.
You worshipped Xom.
You were a beloved toy of Xom.
You were not hungry.

You visited 1 branch of the dungeon, and saw 8 of its levels.

You collected 25 gold pieces.

Inventory:

Hand Weapons
 a - a +0 short sword of chaos (weapon)
 q - a +1 falchion of protection
Missiles
 Z - a throwing net {!d, =f}
Armour
 b - a +2 leather armour (worn)
 h - a +0 pair of gloves (worn)
 l - a +1 pair of boots (worn)
Scrolls
 d - 2 scrolls of teleportation {unknown}
 i - a scroll of fear {unknown}
 j - a scroll of recharging {unknown}
 k - a scroll of fog {unknown}
Potions
 f - 3 potions of flight {unknown}
 g - a potion of resistance {unknown}
 m - 2 potions of degeneration {unknown}
 n - a potion of cure mutation {unknown}
 r - a potion of lignification {unknown}
Comestibles
 c - a royal jelly
 e - a bread ration {@e1}
 p - a slice of pizza


   Skills:
 - Level 2.6 Fighting
 * Level 4.0 Short Blades
 - Level 1.5 Armour
 - Level 0.7 Dodging
 + Level 2.9 Stealth


You had 3 spell levels left.
You didn't know any spells.

Dungeon Overview and Level Annotations

Branches:
Dungeon (8/15)
 Temple: D:4-7         Lair: D:8-11

Altars:
Cheibriados
Kikubaaqudgha


Innate Abilities, Weirdness & Mutations

You have extremely sharp teeth.
Your natural rate of healing is unusually fast.
When hurt, damage is shared between your health and your magic reserves.
Your bite disrupts and absorbs the magic of your enemies.
Potions and wands cannot restore your health.
You are immune to rotting.


Message History

The orc barely misses you.
You hit the orc but do no damage.
The orc looks momentarily confused.
The orc is moderately wounded.
The orc hits you.
You take 3 damage, and have 20/23 hp.
You hit the orc.
The orc seems to speed up.
Your bite misses the orc.
The orc is moderately wounded.
The orc hits you but does no damage. x2
You hit the orc but do no damage.
The orc seems to slow down.
Your bite misses the orc.
The orc is moderately wounded.
You barely miss the orc. You bite the orc, but do no damage.
The orc is moderately wounded.
The orc hits you.
You take 2 damage, and have 19/23 hp.
You hit the orc.
The orc appears confused.
You are blasted with air!
Your bite misses the orc.
The orc is severely wounded. 3 orcs and an orc warrior come into view.
The orc shouts!
All of the chunks of flesh in your inventory have rotted away.
The orc shouts! x2
You hit the orc.
There is a sudden explosion of sparks!
You kill the orc!
MP restored: 5 You completely miss the orc.
Your bite misses the orc. The orc hits you but does no damage.
You barely miss the orc. You bite the orc, but do no damage.
The orc closely misses you.
Health restored: 23 You hit the orc.
You burn the orc.
The orc is severely wounded.
You barely miss the orc. You bite the orc, but do no damage.
The orc is severely wounded.
The orc hits you but does no damage.
You hit the orc but do no damage.
The orc is severely wounded.
The orc hits you but does no damage.
You hit the orc. You freeze the orc.
You kill the orc!
You closely miss the orc. You bite the orc, but do no damage.
The orc closely misses you.
You hit the orc.
The orc is moderately wounded.
The orc closely misses you.
You hit the orc.
You kill the orc!
You hit the orc but do no damage. You bite the orc, but do no damage.
The orc closely misses you.
You closely miss the orc. You bite the orc. You drain its power.
The orc is lightly wounded.
The orc closely misses you.
You hit the orc.
The orc seems to slow down.
The orc is moderately wounded.
You hit the orc.
The orc shakes off its lethargy.
The orc goes berserk!
Xom thinks this is hilarious!
You bite the orc, but do no damage.
The orc is heavily wounded.
The orc barely misses you.
You hit the orc. Your bite misses the orc.
The orc is severely wounded.
The orc closely misses you.
You hit the orc.
The orc is poisoned.
The orc is severely wounded.
The orc barely misses you.
You hit the orc.
You kill the orc!
A wyvern zombie comes into view.
Items here: ))) [[ †††
Items here: ))) [[ ††† A giant frog and an orc wizard come into view.
The orc wizard moves out of view.
You see here a ring mail.
The orc warrior throws a throwing net.
The throwing net hits you.
You become entangled in the net!
You see here a throwing net {!d, =f}.
You struggle against the net.
Xom grants you a minor favour.
You feel very mighty all of a sudden.
You are now a special plaything of Xom.
You try to slip out of the net.
You try to slip out of the net.
You slip out of the net!
Xom plays with reality for a moment.
You are now a beloved toy of Xom.
Z - a throwing net {!d, =f} You swap places.
Something hits your worker ant!!
Your worker ant dies!
Your worker ant's corpse disappears in a puff of smoke!
Something misses your butterfly.
You swap places.
The orc wizard hits you but does no damage.
The orc warrior hits you with a scimitar!
Ouch! That really hurt!
* * * LOW HITPOINT WARNING * * *
The orc priest shouts!
You take 14 damage, and have 9/23 hp.
MASSIVE DAMAGE!!
You now have 2/5 mp.
The orc warrior hits you with a scimitar!!
Ouch! That really hurt!
You die...
Xom howls with laughter!

.. ██.██
███.... .█
█..... .█...
█.█..█ █..█"█
█.█..█..[...
█.█.o.....█
█.█o████.██..█
█.@o.[.?.....█
██████.█.....
██████.█ ...
█......█ ....
█)████.█....
█.███..(....
█.██..█.....
█.██<...████
█.██.█.██


You could see an orc warrior, an orc priest and an orc wizard.

Vanquished Creatures
  2 hound skeletons (D:4)
  2 adders
  An ooze (D:5)
  An adder skeleton (D:7)
  A worm (D:2)
  9 orcs
  A bat (D:3)
  2 goblins
  3 jackals (D:1)
  A kobold (D:2)
  A quokka (D:3)
  A rat (D:2)
25 creatures vanquished.

Notes
Turn   | Place    | Note
--------------------------------------------------------------
     0 | D:1      | Goblin1989 the Vine Stalker Chaos Knight began the quest for the Orb.
     0 | D:1      | Reached XP level 1. HP: 11/11 MP: 2/2
     0 | D:1      | Goblin1989: !combo highscores
     0 | D:1      | Goblin1989: ?combo highscores
     0 | D:1      | Goblin1989: ?ch
    25 | D:1      | Reached skill level 1 in Stealth
    34 | D:2      | Reached skill level 3 in Short Blades
    34 | D:2      | Reached XP level 2. HP: 16/16 MP: 3/3
   127 | D:4      | Reached XP level 3. HP: 19/19 MP: 4/4
   193 | D:5      | Entered Level 5 of the Dungeon
   293 | D:3      | Found an ancient bone altar of Kikubaaqudgha.
   322 | D:3      | Found a snail-covered altar of Cheibriados.
   434 | D:5      | Reached XP level 4. HP: 14/23 MP: 5/5
   571 | D:6      | Reached skill level 4 in Short Blades
   720 | D:8      | Noticed an orc warrior
   755 | D:8      | Noticed a giant frog
   762 | D:8      | XOM: potion effect (might)
   765 | D:8      | XOM: cast spell 'Summon Swarm'
   775 | D:8      | Mangled by an orc warrior

Action                   |  1- 3 |  4- 6 || total
-------------------------+-------+-------++-------
Melee: Short sword       |    58 |    38 ||    96
 Stab: Sleeping          |     3 |     1 ||     4

Vault maps used:
D:1:      matt_arrival_diagonals, st_stairs_9, roderic_serpentine_path,
          minmay_distorted
D:2:      first_bread
D:3:      grunt_temple_overflow_champion_of_chaos,
          nicolae_overflow_hidden_temple, cheibriados_altar_1
D:4:      kennysheep_mini
D:5:      glass_columns_a, corexii_hall_statues_u, uniq_menkaure
D:6:      serial_shops, shop, uniq_eustachio
D:7:      amethyst_overflow_temple_binary, temple_pool_b, grunt_ogre_cave,
          kennysheep_generic_room_11
D:8:      nicolae_gozag_seed_capital
